 Dungeon Crawl Stone Soup version 0.30-a0-23-ge60ba3568b (webtiles) character file.

Game seed: 3704841509430748164

28 xian the Conjurer (level 2, -1/18 HPs)
             Began as a Demonspawn Conjurer on Aug 26, 2022.
             Was a Follower of Hepliaklqana.
             Slain by an adder (2 damage)
             ... on level 2 of the Dungeon.
             The game lasted 00:05:06 (1237 turns).

xian the Conjurer (Demonspawn Conjurer)             Turns: 1237, Time: 00:05:08

Health: -1/18      AC:  4    Str:  7    XL:     2   Next: 96%
Magic:  0/5        EV: 12    Int: 19    God:    Hepliaklqana [*.....]
Gold:   45         SH:  0    Dex: 11    Spells: 4/5 levels left

rFire   . . .      SeeInvis .    e - +0 dagger
rCold   . . .      Faith    .    (no shield)
rNeg    . . .      Spirit   .    a - +0 robe
rPois   .          Reflect  .    g - +0 helmet
rElec   .          Harm     .    (no cloak)
rCorr   .          Rampage  .    m - +0 pair of gloves
Will    .....                    (no boots)
Stlth   ++........               (no amulet)
HPRegen 0.06/turn                (no ring)
MPRegen 0.09/turn                (no ring)

@: no status effects
A: reduced essence, powered by pain 1
a: Renounce Religion, Recall Ancestor, Ancestor Identity


You were on level 2 of the Dungeon.
You worshipped Hepliaklqana.
Hepliaklqana was aware of your devotion.
You visited 1 branch of the dungeon, and saw 2 of its levels.

You collected 45 gold pieces.

Inventory:

Hand Weapons
 e - a +0 dagger (weapon)
Armour
 a - a +0 robe (worn)
 g - a +0 helmet (worn)
 m - a +0 pair of gloves (worn)
Scrolls
 c - a scroll of teleportation {unknown}
 d - 2 scrolls of summoning {unknown}
 h - a scroll of butterflies {unknown}
 k - a scroll of identify {unknown}
Potions
 b - 2 potions of magic
 f - a potion of flight {unknown}
 i - a potion of curing {unknown}
 j - a potion of invisibility {unknown}
 l - a potion of ambrosia {unknown}
 n - a potion of degeneration {unknown}


   Skills:
 + Level 0.3 Fighting
 + Level 1.9 Dodging
 + Level 1.8 Stealth
 + Level 2.0 Spellcasting
 + Level 4.8 Conjurations


You had 4 spell levels left.
You knew the following spells:

 Your Spells              Type           Power      Damage    Failure   Level
a - Magic Dart            Conj           80%        1d7       2%          1

Your spell library contained the following spells:

 Spells                   Type           Power      Damage    Failure   Level
 Searing Ray              Conj           40%        2d5       3%          2
 Dazzling Flash           Conj/Hex       22%        N/A       19%         3
 Fulminant Prism          Conj/Hex       5%         3d7       54%         4
 Iskenderun's Mystic Bla  Conj/Tloc      11%        2d4       54%         4
 Agony                    Necr           1%         N/A       99%         5
 Silence                  Hex/Air        0%         N/A       99%         5


Dungeon Overview and Level Annotations

Branches:
Dungeon (2/15)

Altars:
Hepliaklqana
Xom

Shops:
D:1 *[!(*

Annotations:
D:2 Robin


Innate Abilities, Weirdness & Mutations

Your life essence is reduced to manifest your ancestor. (-10% HP)
You sometimes gain a little power by taking damage.


Message History

Simosihle is destroyed!
You hear a zap.
Some rock shatters into small pieces.
A goblin breaks down the door.
A goblin comes into view. It is wielding a +0 dagger.
There is a stone staircase leading down here.
The kobold throws a stone.
The stone barely misses you. The adder attacks as you move away!
The adder bites you. Robin throws the goblin at you!
The goblin hits you with a +0 dagger. The adder misses you.
The adder attacks as you move away! The adder bites you.
You are poisoned.
The adder poisons you! The goblin attacks as you move away!
The goblin hits you with a +0 dagger.
You feel sick.
The goblin shouts!
The adder closely misses you. Robin throws the goblin at you!
You feel sick. Robin throws the goblin at you!
The goblin hits you with a +0 dagger. The goblin hits you with a +0 club.
The goblin attacks as you move away! The goblin barely misses you.
The adder attacks as you move away! The adder bites you.
* * * LOW HITPOINT WARNING * * *
You feel sick. The goblin closely misses you.
The adder attacks as you move away! The adder barely misses you.
You feel sick.
Robin zaps a wand.
Some rock shatters into small pieces.
The now-empty wand crumbles to dust.
You feel sick.
You are no longer poisoned.
The adder misses you. The adder bites you.
* * * LOW HITPOINT WARNING * * *
You are too injured to fight recklessly!
You are too injured to fight recklessly!
You are too injured to fight recklessly!
You are too injured to fight recklessly!
You are too injured to fight recklessly!
Aiming: Magic Dart (safe; 2% risk of failure)
Press: ? - help, Q - select action, (/) - cycle Shift-Dir - straight line, f - adder
Aim: an adder (100% to hit)
The magic dart hits the adder.
The adder is lightly wounded.
The adder bites you.
You die...

#.#####################
#.ggS@................
##.g#################.
######..## ...........R.
#........###.###.........
#..#...#..gg......#.......
##.###wg.#.#####.....##
###..g.g..# #####.#
###.#'#...... ..#
#).).......# ####


You could see an adder and 3 goblins.

Vanquished Creatures
  3 endoplasms (D:1)
  2 goblins
  4 hobgoblins (D:1)
  2 quokkas (D:1)
  4 ball pythons
  3 bats (D:1)
  2 frilled lizards (D:1)
  4 rats (D:1)
24 creatures vanquished.

Vanquished Creatures (collateral kills)
  A goblin (D:2)
  A kobold (D:2)
2 creatures vanquished.

Vanquished Creatures (others)
  An ancestor (D:2)
1 creature vanquished.

Grand Total: 27 creatures vanquished

Notes
Turn   | Place    | Note
-------+----------+-------------------------------------------
     0 | D:1      | xian the Demonspawn Conjurer began the quest for the Orb.
     0 | D:1      | Reached XP level 1. HP: 13/13 MP: 3/3
    90 | D:1      | Gained mutation: You sometimes gain a little power by
                  | taking damage. [demonic ancestry]
    90 | D:1      | Reached XP level 2. HP: 8/20 MP: 1/5
    97 | D:1      | Found Ciebeb's Antique Weapon Shoppe.
   346 | D:1      | Found Cunaiq's General Store.
   371 | D:1      | Found Ystruk's Distillery.
   558 | D:1      | Found Ufagarih's Assorted Antiques.
   643 | D:1      | Found Veefag's Antique Armour Shop.
   774 | D:1      | Found a faded altar of an unknown god.
   780 | D:1      | Prayed at the altar of an unknown god.
   780 | D:1      | Became a worshipper of Hepliaklqana the Forgotten
   780 | D:1      | Reached * piety under Hepliaklqana
  1161 | D:2      | Found a shimmering altar of Xom.
  1223 | D:2      | Noticed Robin
  1237 | D:2      | Slain by an adder

Illustrated notes

Levels and vault maps discovered:
D:1:      dpeg_arrival_arbitrary_c, layout_basic, serial_shops, shop, shop,
          nicolae_shop_stone, shop, shop, chequers_ecumenical_altar_simple
D:2:      layout_basic, basic_altar, serial_curves, eino_curves_04,
          eino_curves_02, hex_tiny, minmay_between, uniq_robin

Action                   || total
-------------------------++-------
Melee: Dagger            ||    21
       Unarmed           ||     4
 Cast: Magic Dart        ||    36
Armor: Robe              ||     9
Dodge: Dodged            ||    34

Table legend: (Time is in decaauts)
 A = Elapsed time spent in this place.
 B = Non-inter-level travel time spent in this place.
 C = Inter-level travel time spent in this place.
 D = Time resting spent in this place.
 E = Time spent auto-exploring this place.
 F = Levels seen in this place.
 G = Mean time per level.
                   A        B        C        D        E       F      G
               +--------+--------+--------+--------+--------+-----+--------+
         Total |   1236 |   1210 |     26 |      0 |    947 |   2 |  618.0 |
       Dungeon |   1236 |   1210 |     26 |      0 |    947 |   2 |  618.0 |
               +--------+--------+--------+--------+--------+-----+--------+

Top non-repeatable levels by time:
     D:1: 1160 daAuts
     D:2: 75 daAuts
